[Event "Titled Tuesday Blitz October 25 Late 2022"]
[White "Poltorak, Sebastian"]
[Black "Itkis, Boris"]
[WhiteFideId "1199498"]
[BlackFideId "1209167"]
[WhiteElo "2232"]
[BlackElo "2232"]
[Result "0-1"]
[Round "02"]
[TimeControl "180+1"]
[Date "2022.10.26"]
[WhiteClock "0:00:05"]
[BlackClock "0:00:11"]

1. Nc3 d5 2. e4 dxe4 3. Nxe4 Bf5 4. Ng3 Bg6 5. Nf3 Nd7 6. Bc4 e6 7. O-O Ngf6 8. d4 Be7 9. Re1 O-O 10. c3 c5 11. Qe2 a6 12. Bg5 Rc8 13. Rad1 Qb6 14. b3 h6 15. Bh4 cxd4 16. Nxd4 Nc5 17. b4 Nce4 18. Nxe4 Bxe4 19. Bxf6 Bxf6 20. Bxe6 fxe6 21. Qxe4 Rxc3 22. Nxe6 Re8 23. h3 Rc6 24. Qf5 Rcxe6 25. Rxe6 Qxe6 26. Qf3 Qe2 27. Qxe2 Rxe2 28. Rd7 Rxa2 29. Rxb7 Bd4 30. Kh2 Rxf2 31. b5 axb5 32. Rxb5 Kh7 33. Rd5 Bf6 34. Rd3 Ra2 35. Rf3 Kg6 36. Rb3 Be5+ 37. Kh1 Kh5 38. Rb1 Bg3 39. Kg1 g5 40. Rd1 Re2 41. Kf1 Rf2+ 42. Kg1 Rc2 43. Kf1 Kh4 44. Rd4+ Bf4 45. Rd1 Kg3 46. Rd3+ Kh2 47. g4 Bg3 48. Ra3 Kxh3 49. Rd3 Kxg4 50. Rd4+ Bf4 51. Rd3 Rd2 52. Ra3 h5 53. Rb3 h4 54. Kg1 h3 55. Kh1 Rd1# 0-1


[Site "https://www.chess.com"]

[Event "Titled Tuesday Blitz October 25 Late 2022"]
[White "Potapova, Margarita"]
[Black "Rustemov, Alexander"]
[WhiteFideId "14126869"]
[BlackFideId "4119002"]
[WhiteElo "2150"]
[BlackElo "2788"]
[Result "0-1"]
[Round "02"]
[TimeControl "180+1"]
[Date "2022.10.26"]
[WhiteClock "0:01:31"]
[BlackClock "0:01:14"]

1. d4 d5 2. c4 c6 3. Nf3 Nf6 4. e3 Bf5 5. Bd3 Bxd3 6. Qxd3 e6 7. O-O Nbd7 8. Nc3 Bb4 9. Bd2 a5 10. a3 Be7 11. e4 Nc5 12. dxc5 dxe4 13. Qxd8+ Rxd8 14. Ng5 Rxd2 15. Ngxe4 Nxe4 16. Nxe4 Rd4 17. Rfe1 Rxc4 18. Rac1 Rd4 19. Rcd1 Rd5 20. b4 axb4 21. axb4 Kd7 22. Nc3 Rxd1 23. Rxd1+ Kc7 24. Ra1 Bf6 25. Ra3 Rd8 26. g3 Bxc3 27. Rxc3 Rd4 28. Rb3 b5 29. Kg2 Kd7 30. Kf3 e5 31. Ke3 Ke6 32. f4 f6 33. fxe5 fxe5 0-1


[Site "https://www.chess.com"]

[Event "Titled Tuesday Blitz October 25 Late 2022"]
[White "Predke, Alexandr"]
[Black "Lymar, Vladislav"]
[WhiteFideId "24107581"]
[BlackFideId "14162180"]
[WhiteElo "2614"]
[BlackElo "2094"]
[Result "1-0"]
[Round "02"]
[TimeControl "180+1"]
[Date "2022.10.26"]
[WhiteClock "0:00:05"]
[BlackClock "0:00:04"]

1. Nf3 d5 2. g3 c5 3. Bg2 Nc6 4. d4 Nf6 5. O-O e6 6. c4 Be7 7. cxd5 exd5 8. dxc5 Bxc5 9. a3 Ne4 10. b4 Be7 11. Bb2 Bf6 12. Ra2 Be6 13. Nd4 Nxd4 14. Bxd4 O-O 15. Rc2 a6 16. Nc3 Nxc3 17. Rxc3 Qe7 18. Qd2 Rfc8 19. Rfc1 Bxd4 20. Qxd4 Rc4 21. Qb6 Rac8 22. Rxc4 Rxc4 23. Rd1 Qd7 24. e4 d4 25. Bf1 Bg4 26. Rd2 Rc8 27. Rxd4 Qe7 28. Kg2 h5 29. Bc4 Kh7 30. Bd5 Qd7 31. h4 Bh3+ 32. Kh2 Rc2 33. Rc4 Rxc4 34. Bxc4 Be6 35. Bxe6 fxe6 36. Qc5 g6 37. e5 Qd2 38. Qe7+ Kh8 39. Qf6+ Kh7 40. Qf7+ Kh8 41. Qf8+ Kh7 42. Qf4 Qd5 43. Qf7+ Kh6 44. Qf8+ Kh7 45. Qf4 a5 46. Qe3 axb4 47. axb4 b5 48. Qa7+ Kh6 49. Qe3+ Kh7 50. Qf4 Qc4 51. Kg2 Qd5+ 52. f3 Qd3 53. g4 Qc2+ 54. Kg3 hxg4 55. Qxg4 Qc4 56. Qxc4 bxc4 57. Kf4 Kg7 58. b5 c3 59. Ke3 Kf7 60. b6 c2 61. Kd2 1-0


[Site "https://www.chess.com"]

[Event "Titled Tuesday Blitz October 25 Late 2022"]
[White "Prydun, Andriy"]
[Black "Melikyan, Gnel"]
[WhiteFideId "14145898"]
[BlackFideId "54109990"]
[WhiteElo "2163"]
[BlackElo "2138"]
[Result "1-0"]
[Round "02"]
[TimeControl "180+1"]
[Date "2022.10.26"]
[WhiteClock "0:01:10"]
[BlackClock "0:02:13"]

1. d4 f6 2. e4 Kf7 3. c3 g6 4. Bd3 d6 5. Be3 e5 6. Nd2 Nc6 7. Ne2 Bg7 8. O-O Nge7 9. f4 exf4 10. Nxf4 Rf8 11. Bc4+ Ke8 12. Qf3 f5 13. Rae1 fxe4 14. Qxe4 Bf5 15. Qf3 Qd7 16. Bf2 Nd8 17. Bh4 Bf6 18. Qg3 d5 19. Nxd5 Bxh4 20. Qxh4 Ne6 21. Nxe7 Qxe7 22. Qg3 c6 23. Rxf5 Rxf5 24. Rxe6 1-0


[Site "https://www.chess.com"]

[Event "Titled Tuesday Blitz October 25 Late 2022"]
[White "Przybylski, Wojciech"]
[Black "Shapiro, Daniel"]
[WhiteFideId "1117599"]
[BlackFideId "2001780"]
[WhiteElo "2221"]
[BlackElo "2238"]
[Result "1-0"]
[Round "02"]
[TimeControl "180+1"]
[Date "2022.10.26"]
[WhiteClock "0:00:37"]
[BlackClock "0:00:06"]

1. d4 Nf6 2. c4 e6 3. Nf3 d5 4. Nc3 Bb4 5. g3 O-O 6. Bg2 c6 7. O-O Nbd7 8. Re1 b6 9. Qc2 Ba6 10. Ne5 Nxe5 11. dxe5 Ng4 12. cxd5 cxd5 13. Qa4 Bc5 14. Qxg4 Kh8 15. Bg5 Qe8 16. e3 Bd3 17. e4 d4 18. Ne2 Qd7 19. Rad1 Bc2 20. Rd2 d3 21. Nc3 b5 22. Rc1 b4 23. Rcxc2 bxc3 24. Rxc3 f6 25. exf6 gxf6 26. Rdxd3 Bxf2+ 27. Kxf2 fxg5+ 28. Bf3 Qg7 29. Kg2 Rf7 30. h4 h6 31. hxg5 hxg5 32. Qxe6 Raf8 33. Qh3+ Kg8 34. Qg4 Qe5 35. Rd5 Qe7 36. Rxg5+ 1-0


[Site "https://www.chess.com"]

[Event "Titled Tuesday Blitz October 25 Late 2022"]
[White "Putnam, Liam"]
[Black "Madaminov, Mukhiddin"]
[WhiteFideId "30938279"]
[BlackFideId "14210703"]
[WhiteElo "2082"]
[BlackElo "2341"]
[Result "1-0"]
[Round "02"]
[TimeControl "180+1"]
[Date "2022.10.26"]
[WhiteClock "0:00:25"]
[BlackClock "0:00:57"]

1. e4 e6 2. d4 d5 3. Nd2 c5 4. Ngf3 cxd4 5. Nxd4 e5 6. N4f3 dxe4 7. Nxe5 Qd5 8. Nec4 Be6 9. Ne3 Qe5 10. Nec4 Qc7 11. b3 Nf6 12. Bb2 Nbd7 13. Qe2 O-O-O 14. O-O-O Bg4 15. f3 exf3 16. gxf3 Be6 17. Ne4 Nxe4 18. fxe4 Rg8 19. Kb1 Bc5 20. Ne3 Nb6 21. Bg2 f6 22. Nd5 Qf7 23. Qb5 Nd7 24. e5 a6 25. Ne7+ 1-0


[Site "https://www.chess.com"]

[Event "Titled Tuesday Blitz October 25 Late 2022"]
[White "Radovic, Luka"]
[Black "Gatterer, Florian"]
[WhiteFideId "911569"]
[BlackFideId "811688"]
[WhiteElo "2257"]
[BlackElo "2218"]
[Result "1/2-1/2"]
[Round "02"]
[TimeControl "180+1"]
[Date "2022.10.26"]
[WhiteClock "0:00:41"]
[BlackClock "0:00:04"]

1. Nf3 g6 2. c4 Bg7 3. g3 c5 4. Bg2 Nc6 5. O-O d6 6. e3 e5 7. Nc3 Nge7 8. a3 a5 9. Rb1 O-O 10. d3 h6 11. Nd2 Bf5 12. Nde4 b6 13. Bd2 Be6 14. f4 d5 15. cxd5 Nxd5 16. Nxd5 Bxd5 17. Bc3 f5 18. Nf2 Bxg2 19. Kxg2 Qd5+ 20. Qf3 Qxf3+ 21. Kxf3 Rfd8 22. g4 fxg4+ 23. Nxg4 exf4 24. Kxf4 Rxd3 25. Rbd1 Rad8 26. Rxd3 Rxd3 27. Ke4 Rd6 28. h4 h5 29. Nh2 Bxc3 30. bxc3 Ne7 31. Nf3 Re6+ 32. Kd3 b5 33. Rb1 c4+ 34. Kd2 Nf5 35. Rxb5 Nxe3 36. Rxa5 Nf1+ 37. Kc2 Re2+ 38. Kd1 Rf2 39. Ne5 Ne3+ 40. Ke1 Rh2 41. Nxg6 Nc2+ 42. Kf1 Ne3+ 43. Kg1 Rc2 44. Nf4 Rxc3 45. Rxh5 Rc1+ 46. Kf2 Ng4+ 47. Kf3 Nh2+ 48. Kg2 Nf1 49. Rc5 c3 50. Kf2 c2 51. Nd3 Rd1 52. Rxc2 Rxd3 53. Kxf1 Rxa3 54. Kg2 Kh7 55. Rc6 Rb3 56. Rd6 Ra3 57. Kh2 Rb3 58. Rc6 Ra3 59. Kg2 Rb3 60. Rc4 Ra3 61. Rf4 Rb3 62. Kf2 Ra3 63. Ke2 Kh6 64. Kf2 Kh5 65. Kg2 Rb3 66. Rd4 Ra3 67. Kf2 Rb3 68. Ke2 Ra3 69. Kd2 Rh3 70. Rd5+ Kxh4 71. Kc2 Rg3 72. Rd4+ Rg4 73. Rd8 Rg5 74. Kc3 Rg3+ 75. Kd4 Rg4+ 76. Ke5 Rg1 77. Kf5 Rf1+ 78. Ke4 Re1+ 79. Kf4 Rf1+ 80. Ke3 Re1+ 81. Kf4 Rf1+ 82. Ke3 Re1+ 83. Kf4 1/2-1/2


[Site "https://www.chess.com"]

[Event "Titled Tuesday Blitz October 25 Late 2022"]
[White "Rios Escobar, Adan"]
[Black "Becerra, Juan David"]
[WhiteFideId "3403645"]
[BlackFideId "4404998"]
[WhiteElo "2340"]
[BlackElo "2278"]
[Result "1-0"]
[Round "02"]
[TimeControl "180+1"]
[Date "2022.10.26"]
[WhiteClock "0:00:12"]
[BlackClock "0:00:15"]

1. d4 e6 2. c4 d5 3. g3 Nf6 4. Bg2 a6 5. Nf3 Nc6 6. O-O dxc4 7. e3 Bd6 8. Nfd2 O-O 9. Nxc4 Rb8 10. Nc3 Ne7 11. e4 b5 12. Nxd6 cxd6 13. Bg5 Nd7 14. Qg4 e5 15. Nd5 f6 16. Qe6+ Rf7 17. Be3 Nb6 18. Nxe7+ Qxe7 19. Qxe7 Rxe7 20. Rac1 Nc4 21. dxe5 Nxe3 22. exd6 Nxf1 23. dxe7 Nd2 24. e8=Q# 1-0


[Site "https://www.chess.com"]

[Event "Titled Tuesday Blitz October 25 Late 2022"]
[White "Roberts, Paul"]
[Black "Kisic, Bozidar"]
[WhiteFideId "2400600"]
[BlackFideId "16500350"]
[WhiteElo "2112"]
[BlackElo "2233"]
[Result "0-1"]
[Round "02"]
[TimeControl "180+1"]
[Date "2022.10.26"]
[WhiteClock "0:00:16"]
[BlackClock "0:00:33"]

1. e3 g6 2. Nf3 Bg7 3. d4 d6 4. Be2 a6 5. b3 c5 6. Bb2 Qa5+ 7. Qd2 Qc7 8. O-O Nf6 9. c4 Ne4 10. Qc1 O-O 11. Nc3 Nxc3 12. Bxc3 cxd4 13. Bxd4 e5 14. Bc3 h6 15. Rd1 Be6 16. Qb2 Nd7 17. Rac1 Rfd8 18. a4 Nc5 19. Nd2 Bf5 20. f3 Qb6 21. Kh1 Rac8 22. e4 Bd7 23. a5 Qa7 24. Nf1 Be8 25. Qa2 Ne6 26. Bd2 Nd4 27. Be3 Qb8 28. b4 Qc7 29. Bd3 Qe7 30. Nd2 Qh4 31. Nb3 Ne6 32. Qf2 Qh5 33. Be2 Nf4 34. g4 Qg5 35. Bf1 h5 36. h3 Bh6 37. h4 Qe7 38. g5 Bg7 39. Bb6 Rd7 40. c5 Qe6 41. Bc4 Qh3+ 42. Kg1 dxc5 43. Rxd7 Qxd7 44. Nxc5 Nh3+ 45. Kf1 Nxf2 46. Nxd7 Bxd7 47. Kxf2 Be6 48. Bc5 Bxc4 49. Rxc4 Bf8 50. Ke2 Bxc5 51. bxc5 Kf8 52. Kd3 Ke7 53. Rb4 Rxc5 54. Rxb7+ Kf8 55. Rb8+ Kg7 56. Rb7 Rxa5 57. Kc4 Ra3 58. Re7 Rxf3 59. Rxe5 Rf4 60. Kd4 Rxh4 61. Ra5 Rg4 62. Ke3 h4 63. Kf3 Rg3+ 64. Kf4 Rg1 65. Rxa6 h3 66. Ra3 h2 67. Rh3 h1=Q 0-1


[Site "https://www.chess.com"]

[Event "Titled Tuesday Blitz October 25 Late 2022"]
[White "Rodriguez Santiago, Jaime"]
[Black "Karas, Marek"]
[WhiteFideId "3100898"]
[BlackFideId "14928558"]
[WhiteElo "2025"]
[BlackElo "2220"]
[Result "0-1"]
[Round "02"]
[TimeControl "180+1"]
[Date "2022.10.26"]
[WhiteClock "0:01:10"]
[BlackClock "0:00:21"]

1. c4 e5 2. Nc3 Nf6 3. g3 c6 4. e4 Bb4 5. Nge2 O-O 6. Bg2 d6 7. O-O Be6 8. d3 Na6 9. h3 d5 10. exd5 cxd5 11. Bg5 dxc4 12. Bxb7 Nc5 13. Bg2 cxd3 14. Nc1 Rb8 15. a3 Bxc3 16. bxc3 Bc4 17. f4 d2 18. Ne2 Bb3 19. Qb1 d1=Q 20. Rxd1 Qxd1+ 21. Qxd1 Bxd1 22. Rxd1 Nfe4 23. Be7 Rfe8 24. Bd6 Nxd6 25. Rxd6 exf4 26. Nxf4 Ne4 27. Rd7 Nxc3 28. Rxa7 g6 29. a4 Ne2+ 30. Nxe2 Rxe2 31. Bd5 Rb1# 0-1


[Site "https://www.chess.com"]

[Event "Titled Tuesday Blitz October 25 Late 2022"]
[White "Romero Ruscalleda, Josep"]
[Black "Zochowski, Kacper"]
[WhiteFideId "2231859"]
[BlackFideId "1125494"]
[WhiteElo "2334"]
[BlackElo "2292"]
[Result "0-1"]
[Round "02"]
[TimeControl "180+1"]
[Date "2022.10.26"]
[WhiteClock "0:00:08"]
[BlackClock "0:00:09"]

1. e4 d6 2. d4 g6 3. Nc3 Bg7 4. Be2 a6 5. a4 b6 6. Bg5 h6 7. Be3 Bb7 8. Qd2 e6 9. Nh3 Ne7 10. O-O Nd7 11. f4 f5 12. e5 O-O 13. g4 fxg4 14. Bxg4 Nf5 15. Bf2 Kh7 16. Rae1 d5 17. Bg3 c5 18. Ne2 cxd4 19. Nxd4 Nc5 20. Bf3 Ne4 21. Qg2 Nxd4 22. c3 Nxf3+ 23. Qxf3 Rc8 24. Qe3 Qe8 25. Qxb6 d4 26. Qxb7 Nd2 27. Rf2 dxc3 28. bxc3 Rf7 29. Qxa6 Nc4 30. Qb5 Rfc7 31. Ra2 Qf7 32. a5 Qf5 33. Nf2 Bf8 34. a6 Bc5 35. Rea1 Ba7 36. Kf1 Ne3+ 37. Kg1 Qh5 38. Qe2 Qf5 39. Rd2 Rxc3 40. Rd7+ Kh8 41. Rxa7 Rc1+ 42. Nd1 Rxa1 43. Qxe3 Rxd1+ 44. Be1 Qg4+ 45. Kf1 Rxe1+ 46. Kxe1 Qg2 47. Rd7 Qh1+ 48. Ke2 Rc2+ 49. Kd3 Qd1+ 50. Ke4 Qh1+ 51. Kd3 Qd1+ 52. Ke4 Qxd7 53. a7 Qd5# 0-1


[Site "https://www.chess.com"]

[Event "Titled Tuesday Blitz October 25 Late 2022"]
[White "Rostomyan, Mikayel"]
[Black "Kabanova, Ekaterina"]
[WhiteFideId "13313754"]
[BlackFideId "24112917"]
[WhiteElo "2018"]
[BlackElo "2141"]
[Result "1-0"]
[Round "02"]
[TimeControl "180+1"]
[Date "2022.10.26"]
[WhiteClock "0:01:45"]
[BlackClock "0:02:23"]

1. d4 c5 2. d5 e5 3. Nc3 a6 4. a4 d6 5. e4 Ne7 6. g3 Ng6 7. h4 Be7 8. h5 Nf8 9. Bg2 h6 10. Nge2 Nh7 11. O-O O-O 12. f4 exf4 13. gxf4 Bg4 14. Bf3 Qc8 15. Ng3 Nf6 16. e5 Bxf3 17. Qxf3 dxe5 18. fxe5 Ng4 19. Nf5 Bf6 20. Qxg4 Bxe5 21. Ne7+ 1-0


[Site "https://www.chess.com"]

[Event "Titled Tuesday Blitz October 25 Late 2022"]
[White "Sabar, Ethmane Daouda"]
[Black "Lamaze, Simon"]
[WhiteFideId "19600097"]
[BlackFideId "36069264"]
[WhiteElo "1950"]
[BlackElo "2272"]
[Result "0-1"]
[Round "02"]
[TimeControl "180+1"]
[Date "2022.10.26"]
[WhiteClock "0:00:33"]
[BlackClock "0:00:23"]

1. b3 e5 2. Bb2 Nc6 3. e3 d5 4. Bb5 Ne7 5. Bxe5 a6 6. Bxc6+ Nxc6 7. Bb2 Qg5 8. Qf3 Bg4 9. Qg3 Bd6 10. f4 Qf5 11. d3 O-O-O 12. h3 Bh5 13. Qg5 Qxg5 14. fxg5 Rhe8 15. Kf2 Bc5 16. d4 Bd6 17. Nf3 Re6 18. Nbd2 Nb4 19. Rhc1 Bg6 20. Ne1 Rde8 21. Nf1 f6 22. a3 Nc6 23. Nf3 Rf8 24. Kg1 Be4 25. g6 Bxg6 26. c4 Be4 27. N3d2 Na5 28. b4 Nxc4 29. Nxc4 dxc4 30. Rxc4 Bd5 31. Rc3 f5 32. Rac1 c6 33. R3c2 f4 34. exf4 Rxf4 35. Rf2 Rg6 36. Rxf4 Bxf4 37. Rc2 Kd7 38. Bc1 Bc7 39. Ne3 Be4 40. Rf2 Ke6 41. Ng4 Bb6 42. Be3 h5 43. Ne5 Rg3 44. Re2 Rxe3 45. Rxe3 Bxd4 46. Kf2 Kxe5 47. g4 Bxe3+ 48. Kxe3 hxg4 49. hxg4 g5 50. a4 b5 51. a5 Bd5 52. Kf2 Kf4 53. Kg1 Kxg4 0-1


[Site "https://www.chess.com"]

[Event "Titled Tuesday Blitz October 25 Late 2022"]
[White "Sadhwani, Raunak"]
[Black "Barria Zuniga, Daniel"]
[WhiteFideId "35093487"]
[BlackFideId "3400816"]
[WhiteElo "2656"]
[BlackElo "2414"]
[Result "1-0"]
[Round "02"]
[TimeControl "180+1"]
[Date "2022.10.26"]
[WhiteClock "0:01:04"]
[BlackClock "0:00:06"]

1. Nf3 d5 2. d4 e6 3. c3 Nf6 4. Bf4 Be7 5. e3 O-O 6. Nbd2 b6 7. h4 Ba6 8. Bxa6 Nxa6 9. h5 c5 10. Ne5 Nb8 11. Qf3 Nfd7 12. Qg3 Nxe5 13. Bxe5 f6 14. Bf4 Nc6 15. Nf3 Qd7 16. O-O a5 17. Rfe1 b5 18. e4 cxd4 19. cxd4 Nb4 20. Re2 Rfc8 21. exd5 Nxd5 22. Rae1 Ra6 23. h6 g6 24. Bd2 Kf7 25. Nh4 a4 26. a3 Rac6 27. Qd3 Rb6 28. Qh3 f5 29. Nf3 Bf6 30. Bg5 Bh8 31. Qg3 Qc7 32. Qh4 Qd7 33. g4 fxg4 34. Qxg4 Rc4 35. Bh4 Nc7 36. Bg3 Bf6 37. Be5 1-0


[Site "https://www.chess.com"]

[Event "Titled Tuesday Blitz October 25 Late 2022"]
[White "Sala, Giulia"]
[Black "Mendez Fortes, Eduardo Jesus"]
[WhiteFideId "2840451"]
[BlackFideId "3502376"]
[WhiteElo "1769"]
[BlackElo "2307"]
[Result "0-1"]
[Round "02"]
[TimeControl "180+1"]
[Date "2022.10.26"]
[WhiteClock "0:00:01"]
[BlackClock "0:00:06"]

1. d4 Nf6 2. c4 e6 3. Nc3 Bb4 4. Bd2 O-O 5. g3 c5 6. dxc5 Na6 7. Bg2 Nxc5 8. Nf3 b6 9. O-O Bb7 10. a3 Bxc3 11. Bxc3 Nfe4 12. Qc2 a5 13. Rad1 a4 14. Nd4 Rc8 15. Nb5 Nxc3 16. Bxb7 Nxb7 17. Qxc3 d5 18. Rd4 Qf6 19. Qb4 dxc4 20. Rxc4 Nc5 21. Rfc1 Rcd8 22. Nd4 Rd6 23. Nf3 Rfd8 24. Rf4 Qe7 25. Ne5 f6 26. Nc4 Rd1+ 27. Rxd1 Rxd1+ 28. Kg2 Qb7+ 29. f3 e5 30. Rg4 f5 31. Rh4 g5 32. Rh6 Rd4 33. Rxb6 Qc7 34. Qb5 Qe7 35. Rc6 e4 36. Qxc5 exf3+ 37. Kxf3 Qe4+ 38. Kf2 Rd7 39. Rc8+ Kg7 40. Rc7 Qe6 41. Rxd7+ Qxd7 42. Qe5+ Kg6 43. Qc5 Kh5 44. Qb6 Qd5 45. Qb5 Qe4 46. Qb4 Qd4+ 47. e3 Qe4 48. Ke2 Qc2+ 49. Nd2 Qc6 50. h3 Qg2+ 51. Kd3 Qxh3 52. Qxa4 Qxg3 53. Qc4 Qd6+ 54. Qd4 Qa6+ 55. Qc4 Qb7 56. Kc3 Qd7 57. b4 g4 58. Nb3 g3 59. Qe2+ Kh4 60. Qg2 Qg7+ 61. Nd4 Qg4 62. Qf3 g2 63. Qf2+ Kg5 64. Qg1 h5 65. b5 h4 66. b6 h3 67. b7 Qg3 68. Kc4 Qc7+ 69. Kd3 Qxb7 70. Qf2 Qe4+ 71. Ke2 Qg4+ 72. Qf3 g1=Q 0-1


[Site "https://www.chess.com"]

[Event "Titled Tuesday Blitz October 25 Late 2022"]
[White "Salman, Pavel"]
[Black "Dauw, Sterre"]
[WhiteFideId "24153753"]
[BlackFideId "248886"]
[WhiteElo "2187"]
[BlackElo "2187"]
[Result "1-0"]
[Round "02"]
[TimeControl "180+1"]
[Date "2022.10.26"]
[WhiteClock "0:02:36"]
[BlackClock "0:02:18"]

1. Nf3 c5 2. g3 Nc6 3. Bg2 e5 4. O-O d6 5. c4 g6 6. Nc3 Bg7 7. a3 Nge7 8. Rb1 a5 9. Ne1 Nd4 10. e3 Ndc6 11. Nc2 O-O 12. b4 axb4 13. axb4 Be6 14. Nd5 Bxd5 15. cxd5 Nxb4 16. Nxb4 cxb4 17. Rxb4 Qd7 18. Qb3 Rfb8 19. Bb2 b5 20. d4 exd4 21. Bxd4 Bxd4 22. Rxd4 Qc7 23. Rb1 Qc5 24. Rb4 Ra3 25. Qxa3 1-0


[Site "https://www.chess.com"]

[Event "Titled Tuesday Blitz October 25 Late 2022"]
[White "Sanchez, Robert"]
[Black "Boskovic, Drasko"]
[WhiteFideId "2034360"]
[BlackFideId "927368"]
[WhiteElo "2395"]
[BlackElo "2388"]
[Result "0-1"]
[Round "02"]
[TimeControl "180+1"]
[Date "2022.10.26"]
[WhiteClock "0:00:50"]
[BlackClock "0:01:58"]

1. e4 c5 2. Nf3 Nc6 3. d4 cxd4 4. Nxd4 Nf6 5. Nc3 e6 6. Ndb5 Bc5 7. Nd6+ Ke7 8. Nc4 d5 9. exd5 exd5 10. Na3 d4 11. Ne2 Bg4 12. h3 Bh5 13. Bg5 Re8 14. Bxf6+ Kxf6 15. Qd3 Bg6 16. Qf3+ Ke7 17. O-O-O Qa5 18. Nf4 Bxa3 19. bxa3 Kf8 20. Nxg6+ hxg6 21. Qb3 Rac8 22. Bc4 Ne5 23. Rxd4 Qc5 0-1


[Site "https://www.chess.com"]

[Event "Titled Tuesday Blitz October 25 Late 2022"]
[White "Sarkar, Justin"]
[Black "Khater, Sherif"]
[WhiteFideId "2010011"]
[BlackFideId "2034280"]
[WhiteElo "2250"]
[BlackElo "2584"]
[Result "0-1"]
[Round "02"]
[TimeControl "180+1"]
[Date "2022.10.26"]
[WhiteClock "0:00:01"]
[BlackClock "0:01:51"]

1. e4 e5 2. Nf3 Nc6 3. Bb5 Nf6 4. O-O Nxe4 5. d4 Nd6 6. Bg5 Be7 7. Bxe7 Qxe7 8. Bxc6 dxc6 9. dxe5 Nf5 10. Nd4 O-O 11. Nxf5 Bxf5 12. Re1 Rad8 13. Qe2 Rd7 14. Nc3 Rfd8 15. Rad1 h6 16. Rxd7 Rxd7 17. Rd1 Rxd1+ 18. Nxd1 Qc5 19. c3 Be6 20. a3 a5 21. g3 Qd5 22. f4 c5 23. Ne3 Qe4 24. Kf2 Qb1 25. Qc2 Qh1 26. Nf1 Bd5 27. Qd3 Qg2+ 28. Ke1 Be4 29. Qd8+ Kh7 30. Ne3 Qxb2 31. f5 Qxc3+ 32. Kf2 Qxe5 0-1


[Site "https://www.chess.com"]

[Event "Titled Tuesday Blitz October 25 Late 2022"]
[White "Saucey, Michel"]
[Black "Golubev, Mikhail"]
[WhiteFideId "601845"]
[BlackFideId "14100983"]
[WhiteElo "2253"]
[BlackElo "2374"]
[Result "0-1"]
[Round "02"]
[TimeControl "180+1"]
[Date "2022.10.26"]
[WhiteClock "0:00:03"]
[BlackClock "0:00:22"]

1. d4 Nf6 2. Nf3 d6 3. Nc3 Nbd7 4. e4 e5 5. Bc4 Be7 6. O-O O-O 7. a4 c6 8. Re1 a5 9. Ba2 Re8 10. Nh4 exd4 11. Qxd4 Nc5 12. Nf5 Bxf5 13. exf5 d5 14. Bf4 Qd7 15. Bg3 Rad8 16. h3 Nce4 17. Nxe4 Nxe4 18. Rxe4 dxe4 19. Qxe4 Bf6 20. Qg4 Bxb2 21. Rf1 Bf6 22. Kh1 Qd4 23. Qh5 Rd7 24. Bb3 b5 25. f4 bxa4 26. Ba2 Qb2 27. Bc4 Qxc2 28. Ba6 a3 0-1


[Site "https://www.chess.com"]

[Event "Titled Tuesday Blitz October 25 Late 2022"]
[White "Schuster, Karsten"]
[Black "Tokhirjonova, Gulrukhbegim"]
[WhiteFideId "4611071"]
[BlackFideId "14203626"]
[WhiteElo "2294"]
[BlackElo "2236"]
[Result "0-1"]
[Round "02"]
[TimeControl "180+1"]
[Date "2022.10.26"]
[WhiteClock "0:01:38"]
[BlackClock "0:01:53"]

1. d4 Nf6 2. c4 e6 3. Nc3 Bb4 4. Qc2 O-O 5. a3 Bxc3+ 6. Qxc3 d5 7. Bg5 h6 8. Bxf6 Qxf6 9. cxd5 exd5 10. e3 c6 11. Ne2 Bf5 12. Ng3 Bg6 13. Be2 Nd7 14. O-O Rfe8 15. b4 Rac8 16. Rfc1 a6 17. a4 Nf8 18. Qb3 Ne6 19. b5 axb5 20. axb5 c5 21. dxc5 Rxc5 22. Rab1 Rxc1+ 23. Rxc1 d4 24. e4 h5 25. Bxh5 Bxh5 26. Nxh5 Qg5 27. f4 Qxh5 28. g3 Qe2 29. b6 d3 30. Rd1 Rd8 0-1


[Site "https://www.chess.com"]

[Event "Titled Tuesday Blitz October 25 Late 2022"]
[White "Shipov, Sergei"]
[Black "Dzierzak, Radoslaw"]
[WhiteFideId "4113624"]
[BlackFideId "1161407"]
[WhiteElo "2742"]
[BlackElo "2111"]
[Result "1-0"]
[Round "02"]
[TimeControl "180+1"]
[Date "2022.10.26"]
[WhiteClock "0:00:09"]
[BlackClock "0:00:04"]

1. d4 Nf6 2. c4 e6 3. Nc3 Bb4 4. Qc2 O-O 5. a3 Bxc3+ 6. Qxc3 d5 7. e3 b6 8. cxd5 Ne4 9. Qc2 exd5 10. Bd3 Bb7 11. f3 Nf6 12. Ne2 Nbd7 13. O-O c5 14. Bd2 Re8 15. b4 cxd4 16. exd4 h6 17. Rac1 Rc8 18. Qa4 a6 19. Rxc8 Qxc8 20. Rc1 Qa8 21. Rc7 Nf8 22. Nf4 g5 23. Ne2 Ne6 24. Rc1 Rc8 25. Qd1 Rxc1 26. Qxc1 Qc8 27. Qxc8+ Bxc8 28. Kf2 b5 29. h4 Ne8 30. g4 Nd6 31. Bc1 Kg7 32. Kg3 Bb7 33. f4 gxf4+ 34. Nxf4 Nc4 35. Nh5+ Kg8 36. Nf6+ Kg7 37. Nd7 f6 38. Nc5 Nxc5 39. dxc5 d4 40. Kf4 Bd5 41. Bf5 Kf7 42. h5 Be6 43. Be4 Ne5 44. Bb7 Nxg4 45. Bxa6 Ne5 46. Bxb5 Bc4 47. Bxc4+ Nxc4 48. Ke4 Nxa3 49. Bxa3 Ke6 50. Kxd4 f5 51. b5 1-0


[Site "https://www.chess.com"]

[Event "Titled Tuesday Blitz October 25 Late 2022"]
[White "Silva Rosas, Natalia"]
[Black "Buchenau, Frank"]
[WhiteFideId "3000575"]
[BlackFideId "4604350"]
[WhiteElo "1752"]
[BlackElo "2157"]
[Result "0-1"]
[Round "02"]
[TimeControl "180+1"]
[Date "2022.10.26"]
[WhiteClock "0:00:02"]
[BlackClock "0:00:09"]

1. e4 e6 2. d3 d5 3. Nd2 Nf6 4. Ngf3 b6 5. e5 Ng8 6. d4 Ne7 7. c4 Bb7 8. c5 Nf5 9. cxb6 axb6 10. Bb5+ c6 11. Bd3 Ba6 12. Bxa6 Rxa6 13. O-O Be7 14. b3 O-O 15. Bb2 c5 16. dxc5 bxc5 17. Re1 Nc6 18. Nf1 Qa8 19. a3 Rb8 20. Ng3 Nxg3 21. hxg3 Rab6 22. Nd2 Na5 23. Re3 d4 24. Rf3 Qd5 25. b4 Nc6 26. Nb3 Nxe5 27. Rf4 Bg5 28. Nxc5 Bxf4 29. gxf4 Nc6 30. Qd3 Rd8 31. Re1 g6 32. g4 e5 33. f5 Qa2 34. fxg6 hxg6 35. Bc1 Qd5 36. Bg5 Re8 37. Qh3 Ne7 38. Bf6 Rxf6 39. g5 Rf5 40. f4 exf4 41. Rxe7 Rxg5+ 42. Kf2 Rxe7 43. Ne4 Rxe4 44. Qc8+ Kg7 0-1


[Site "https://www.chess.com"]

[Event "Titled Tuesday Blitz October 25 Late 2022"]
[White "Sivakumar, Shaaketh"]
[Black "Li, Ben"]
[WhiteFideId "30940176"]
[BlackFideId "2089980"]
[WhiteElo "2174"]
[BlackElo "2267"]
[Result "1-0"]
[Round "02"]
[TimeControl "180+1"]
[Date "2022.10.26"]
[WhiteClock "0:00:20"]
[BlackClock "0:00:08"]

1. d4 d5 2. Nf3 Nf6 3. Bf4 c5 4. e3 Nc6 5. Nbd2 e6 6. c3 Bd6 7. Bg3 O-O 8. Bd3 b6 9. e4 Be7 10. e5 Nh5 11. Nf1 a5 12. h4 Ba6 13. Ng5 Bxd3 14. Qxd3 g6 15. Nd2 cxd4 16. cxd4 Nb4 17. Qb1 Rc8 18. O-O Nc2 19. Ndf3 h6 20. Nh3 Nxa1 21. Qxa1 Rc2 22. Ne1 Rc4 23. Qd1 Bxh4 24. Bxh4 Qxh4 25. Nf3 Qg4 26. Qd2 Kg7 27. b3 Rc6 28. Nh2 Qh4 29. f3 Rfc8 30. Ng4 Rc2 31. Qxh6+ Kg8 32. Nf6+ Qxf6 33. exf6 Nxf6 34. Nf4 Ne8 35. Nxg6 fxg6 36. Qxg6+ Ng7 37. Re1 R2c6 38. Re5 Rf8 39. Rh5 Rf7 40. Qh7+ Kf8 41. Rg5 Nf5 42. Qh8+ Ke7 43. Rg8 Rc7 44. Rd8 Nd6 45. Qh4+ Rf6 46. Rf8 Kxf8 47. Qxf6+ Nf7 48. Qxe6 Rb7 49. Qxd5 Re7 50. g4 Re1+ 51. Kf2 Ra1 52. g5 Rxa2+ 53. Ke3 Rg2 54. f4 Rg3+ 55. Kf2 Rg4 56. Kf3 Rg1 57. Qa8+ Kg7 58. Qb7 Rf1+ 59. Kg3 Rg1+ 60. Kf2 Rg4 61. Kf3 Rg1 62. Qxb6 Rf1+ 63. Kg3 Rg1+ 64. Kf2 Rd1 65. Qxa5 Rd2+ 66. Qxd2 1-0


[Site "https://www.chess.com"]